 Dungeon Crawl Stone Soup version 0.28-a0-691-gad6df49e81 (webtiles) character file.

Game seed: 9173084651260507592

4970 KristoblXynda the Fighter (level 10, -1/91 HPs)
             Began as a Yellow Draconian Berserker on Oct 21, 2021.
             Was an Elder of Trog.
             Slain by a two-headed ogre (22 damage)
             ... on level 8 of the Dungeon.
             The game lasted 00:14:10 (11145 turns).

KristoblXynda the Fighter (DrBe)                   Turns: 11145, Time: 00:14:10

Health: -1/91      AC:  8    Str: 26    XL:     10   Next: 28%
Magic:  10/10      EV: 17    Int:  9    God:    Trog [****..]
Gold:   1197       SH:  5    Dex: 18    Spells: 9/9 levels left

rFire   . . .      SeeInvis .   y - +0 scimitar
rCold   . . .      Faith    .   (no shield)
rNeg    . . .      Spirit   .   (armour unavailable)
rPois   .          Reflect  +   (helmet restricted)
rElec   .          Harm     .   u - +0 cloak
rCorr   +          Rampage  .   (no gloves)
Will    .....                   (no boots)
Stlth   ++........              h - amulet of reflection
HPRegen 0.25/turn               m - +6 ring of strength
MPRegen 0.12/turn               i - +6 ring of dexterity

@: short of breath
A: spit acid, AC +7, unfitting armour, cold-blooded, acid resistance
a: Breathe Acid, Renounce Religion, Berserk, Trog's Hand, Brothers in Arms


You were on level 8 of the Dungeon.
You worshipped Trog.
Trog was greatly pleased with you.
You visited 2 branches of the dungeon, and saw 9 of its levels.
You also visited: Sewer and Bailey.

You collected 1197 gold pieces.

Inventory:

Hand Weapons
 y - a +0 scimitar (weapon)
Missiles
 x - 6 throwing nets (quivered)
 z - 5 silver javelins
Armour
 u - a +0 cloak (worn)
Jewellery
 h - an amulet of reflection (around neck)
 i - a +6 ring of dexterity (right hand)
 k - a +4 ring of protection
 m - a +6 ring of strength (left hand)
 r - a ring of willpower
Wands
 s - a wand of mindburst (21)
 v - a wand of iceblast (6)
Scrolls
 b - a scroll of enchant armour
 c - a scroll of blinking
 e - 3 scrolls of teleportation
 o - a scroll of enchant weapon {unknown}
Potions
 a - a potion of magic {unknown}
 d - a potion of lignification
 f - a potion of attraction
 g - 7 potions of flight
 l - 2 potions of curing
 n - 3 potions of might
 p - a potion of haste
 q - 2 potions of mutation
 t - a potion of brilliance {unknown}


   Skills:
 + Level 9.4 Fighting
 + Level 8.7 Long Blades
 + Level 2.2 Throwing
 + Level 7.9 Dodging
 - Level 5.2 Evocations


You had 9 spell levels left.
You didn't know any spells.
Your spell library contained the following spells:

 Spells                   Type           Power      Damage    Failure   Level
 Shock                    Conj/Air       0%         1d3       38%         1
 Ensorcelled Hibernation  Hex/Ice        0%         N/A       52%         2
 Spider Form              Tmut/Pois      0%         N/A       77%         3
 Swiftness                Air            0%         N/A       77%         3
 Airstrike                Air            0%         N/A       99%         4


Dungeon Overview and Level Annotations

Branches:
Dungeon (8/15)             Temple (1/1) D:6           Sewer (visited)
 Bailey (visited)
   Lair: D:8-11

Altars:
Ashenzari
Cheibriados
Dithmenos
Elyvilon
Fedhas
Gozag
Hepliaklqana
Kikubaaqudgha
Makhleb
Nemelex Xobeh
Okawaru
Qazlal
Ru
Trog
Uskayaw
Vehumet
Wu Jian
Xom
Yredelemnul
Zin
The Shining One


Innate Abilities, Weirdness & Mutations

You can spit globs of acid.
Your golden yellow scales are hard. (AC +7)
You cannot fit into any form of body armour.
You are cold-blooded and may be slowed by cold attacks.
You are resistant to acid. (rCorr)


Message History

No reachable target in view!
No reachable target in view!
No reachable target in view!
Unknown command.
A howler monkey is nearby!
No reachable target in view!
No reachable target in view!
The howler monkey howls!
A two-headed ogre comes into view.
It is wielding a +0 giant spiked club and a +0 giant club.
Found a wand of polymorph (8).
Found a book of Misfortune.
You block the howler monkey's attack.
You hit the howler monkey but do no damage.
You tail-slap the howler monkey.
The howler monkey is moderately wounded.
The howler monkey hits you.
You slash the howler monkey!
You kill the howler monkey!
Trog accepts your kill.
Press: ? - help, Shift-Dir - straight line, f - two-headed ogre
Aim: a two-headed ogre, wielding a +0 giant spiked club and a +0 giant club You spit a glob of acid.
The glob of acid hits the two-headed ogre!!
The acid corrodes the two-headed ogre!
The two-headed ogre is moderately wounded.
Unknown command.
You slash the two-headed ogre!
The two-headed ogre is heavily wounded.
The two-headed ogre closely misses you.
The two-headed ogre hits you with a +0 giant club!
You slice the two-headed ogre!!
The two-headed ogre is almost dead.
The two-headed ogre hits you with a +0 giant spiked club!!
You block the two-headed ogre's attack.
You barely miss the two-headed ogre.
The two-headed ogre is almost dead.
The two-headed ogre hits you with a +0 giant spiked club!!
* * * LOW HITPOINT WARNING * * *
The two-headed ogre hits you with a +0 giant club!!
You die...

#......####........#
#..........####...
#.#####........###
... ##.........##
#.#.. #.######...##
# ##. ###..O.##./.#
#..##?##...#
#..O###...##
##..@....##
###...### #####


You could see a two-headed ogre (corroded).

Vanquished Creatures
  Harold (D:7)
  An unseen horror (D:7)
  Grinder (D:6)
  Sigmund (D:5)
  Menkaure (D:6)
  Edmund (D:4)
  Duvessa (D:5)
  A sky beast (D:7)
  4 orc warriors
  An ice beast (D:6)
  A black bear (D:7)
  3 ogres
  2 phantoms
  Blork the orc (D:6)
  8 gnoll sergeants (Bailey)
  3 scorpions
  Dowan (D:5)
  2 howler monkeys
  A centaur zombie (D:7)
  2 jellies
  4 orc priests
  Crazy Yiuf (D:5)
  6 hounds
  A centaur skeleton (D:6)
  8 gnoll shamans
  3 iguanas
  Terence (D:3)
  A merfolk siren (Sewer)
  8 orc wizards
  A merfolk avatar (Sewer)
  A hound skeleton (D:5)
  19 gnolls
  2 river rats (Sewer)
  11 adders
  A white imp (D:8)
  An ufetubus (D:4)
  An adder skeleton (D:4)
  3 worms
  2 dart slugs
  19 orcs
  10 ball pythons
  5 endoplasms
  5 giant cockroaches
  12 goblins
  8 hobgoblins
  3 jackals (D:2)
  8 kobolds
  8 quokkas
  A bat (D:3)
  9 frilled lizards
  30 rats
230 creatures vanquished.

Notes
Turn   | Place    | Note
-------+----------+-------------------------------------------
     0 | D:1      | KristoblXynda the Draconian Berserker began the quest for
                  | the Orb.
     0 | D:1      | Reached XP level 1. HP: 19/19 MP: 1/1
   618 | D:1      | Reached XP level 2. HP: 22/26 MP: 2/2
  1063 | D:1      | Found a faded altar of an unknown god.
  1492 | D:2      | Reached XP level 3. HP: 26/33 MP: 3/3
  1898 | D:2      | Reached skill level 4 in Fighting
  1935 | D:3      | Found a basalt altar of Yredelemnul.
  2098 | D:3      | Noticed Terence
  2105 | D:3      | Killed Terence
  2106 | D:3      | Reached XP level 4. HP: 40/40 MP: 4/4
  2143 | D:3      | Noticed an ogre
  2150 | D:3      | Killed an ogre
  2150 | D:3      | Reached ** piety under Trog
  2151 | D:3      | Reached XP level 5. HP: 47/47 MP: 5/5
  2730 | D:3      | Found an ornate altar of the Wu Jian Council.
  2936 | D:3      | Found a shimmering altar of Xom.
  3084 | D:4      | Found a burning altar of Makhleb.
  3148 | D:4      | Noticed Edmund
  3156 | D:4      | Killed Edmund
  3157 | D:4      | Reached skill level 5 in Fighting
  3157 | D:4      | Reached XP level 6. HP: 56/56 MP: 6/6
  3223 | D:4      | Found a glowing drain.
  3235 | Sewer    | Entered a sewer
  3365 | Sewer    | Reached *** piety under Trog
  3366 | Sewer    | Reached skill level 5 in Long Blades
  3907 | D:4      | Your scales start taking on a golden yellow colour.
  3907 | D:4      | Reached XP level 7. HP: 59/62 MP: 7/7
  3907 | D:4      | Gained mutation: You are resistant to acid. (rCorr) [Yellow
                  | Draconian growth]
  3995 | D:4      | Reached **** piety under Trog
  4041 | D:4      | Reached skill level 6 in Fighting
  4085 | D:4      | Reached skill level 5 in Dodging
  4965 | D:4      | Found a broken altar of Ashenzari.
  5018 | D:5      | Entered Level 5 of the Dungeon
  5042 | D:5      | Found a glowing golden altar of the Shining One.
  5232 | D:5      | Found a shadowy altar of Dithmenos.
  5270 | D:5      | Noticed Duvessa
  5270 | D:5      | Noticed Dowan
  5279 | D:5      | Killed Duvessa
  5280 | D:5      | Reached XP level 8. HP: 48/71 MP: 8/8
  5288 | D:5      | Killed Dowan
  5289 | D:5      | Reached skill level 7 in Fighting
  5574 | D:5      | Noticed Sigmund
  5587 | D:5      | Killed Sigmund
  5588 | D:5      | Reached skill level 1 in Evocations
  6347 | D:5      | Found a runed translucent door.
  6348 | D:5      | Noticed Crazy Yiuf
  6414 | D:5      | Killed Crazy Yiuf
  6526 | D:6      | HP: 1/74 [orc warrior (18)]
  6834 | D:6      | Noticed Blork the orc
  6839 | D:6      | Killed Blork the orc
  7174 | D:6      | Found a blossoming altar of Fedhas.
  7181 | D:6      | Noticed Menkaure
  7194 | D:6      | Reached XP level 9. HP: 25/81 MP: 9/9
  7194 | D:6      | Killed Menkaure
  7195 | D:6      | Reached skill level 8 in Fighting
  7197 | D:6      | Noticed Grinder
  7207 | D:6      | Killed Grinder
  7786 | D:6      | Found a sparkling altar of Nemelex Xobeh.
  8110 | D:6      | Found a staircase to the Ecumenical Temple.
  8253 | Temple   | Entered the Ecumenical Temple
  8417 | D:7      | Noticed Harold
  8479 | D:7      | Killed Harold
  8498 | D:7      | Killed an unseen horror
  8512 | D:7      | Reached skill level 9 in Fighting
  8860 | D:7      | Reached skill level 5 in Evocations
  8886 | D:7      | Found a bloodstained altar of Trog.
  9479 | D:8      | Reached XP level 10. HP: 72/91 MP: 10/10
  9488 | D:8      | Reached skill level 1 in Throwing
  9526 | D:8      | Found a flagged portal.
  9539 | Bailey   | Entered a bailey
 10475 | Bailey   | Identified the +5 cloak "Daun" {Rampage rF+ Str-5}
 10646 | D:8      | Found a stormy altar of Qazlal.
 11124 | D:8      | Noticed a two-headed ogre
 11145 | D:8      | Slain by a two-headed ogre

Illustrated notes

Levels and vault maps discovered:
D:1:      amcnicky_arrival_flooded_fountain, layout_loops_corners,
          shapermc_ecumenical_altar_mp_urbaneastern
D:2:      layout_basic
D:3:      layout_rooms, mainiacjoe_overflow_alcove_2,
          mainiacjoe_overflow_brackets,
          mainiacjoe_overflow_concentric_impassable, uniq_terence
D:4:      layout_basic, bloody_makhleb, nicolae_overflow_hidden_temple,
          gup_sewer_entry_bubbles, nzn_random_ring, uniq_edmund
D:5:      minmay_skewed_foursquare, layout_basic,
          mainiacjoe_overflow_cross_hatched, nicolae_dithmenos_shadow_blocks,
          uniq_duvessa, uniq_crazy_yiuf_cottage, uniq_sigmund
D:6:      layout_loops_ring, kennysheep_mini, mainiacjoe_overflow_24_doors,
          minmay_temple_entry_fiery, uniq_grinder, uniq_menkaure,
          uniq_blork_the_orc
D:7:      layout_gridville, mainiacjoe_overflow_catwalk, uniq_harold
D:8:      layout_cave_pods, kennysheep_mini_moat, enter_bailey_4, minivault_1,
          minmay_puff
Temple:   compressed_dpeg_circular_temple

Skill      XL: |  1  2  3  4  5  6  7  8  9 10 |
---------------+-------------------------------+-----
Dodging        | 3 4 5 6 7 |  7.9
Fighting       | 4 5 6 7 9 |  9.4
Long Blades    | 4 5 6 7 8 |  8.7
Evocations     | 3 5 |  5.2
Throwing       | 2 |  2.2

Action                   |  1- 3 |  4- 6 |  7- 9 | 10-12 || total
-------------------------+-------+-------+-------+-------++-------
Melee: Falchion          |    39 |       |       |       ||    39
       Tailslap          |     9 |    18 |    54 |    13 ||    94
       Long sword        |    54 |   202 |   307 |       ||   563
       Scimitar          |       |       |    35 |   112 ||   147
Invok: Berserk           |     2 |     3 |     1 |     4 ||    10
 Abil: Breathe Acid      |       |       |    15 |     2 ||    17
Evoke: Wand              |       |       |     2 |     9 ||    11
  Use: Scroll            |       |     5 |     9 |       ||    14
       Potion            |       |     3 |     2 |     1 ||     6
 Stab: Sleeping          |       |     1 |       |       ||     1
Armor: Skin              |    27 |    93 |   137 |    36 ||   293
Dodge: Dodged            |    59 |   140 |   179 |   102 ||   480
Block: Other             |    16 |    45 |    68 |    29 ||   158
       Reflection        |     2 |       |     3 |     1 ||     6

Table legend: (Time is in decaauts)
 A = Elapsed time spent in this place.
 B = Non-inter-level travel time spent in this place.
 C = Inter-level travel time spent in this place.
 D = Time resting spent in this place.
 E = Time spent auto-exploring this place.
 F = Levels seen in this place.
 G = Mean time per level.
                   A        B        C        D        E       F      G
               +--------+--------+--------+--------+--------+-----+--------+
         Total |  11365 |  11025 |    340 |   3426 |   5502 |  11 | 1033.2 |
       Dungeon |   9713 |   9380 |    333 |   2734 |   5193 |   8 | 1214.1 |
        Temple |     80 |     73 |      7 |      0 |     65 |   1 |   80.0 |
         Sewer |    571 |    571 |      0 |    150 |     92 |   1 |  571.0 |
        Bailey |   1000 |   1000 |      0 |    542 |    152 |   1 | 1000.0 |
               +--------+--------+--------+--------+--------+-----+--------+

Top non-repeatable levels by time:
     D:6: 1823 daAuts
     D:4: 1564 daAuts
     D:5: 1477 daAuts
     D:1: 1236 daAuts
     D:2: 1053 daAuts
     D:7: 1043 daAuts
  Bailey: 1000 daAuts
     D:3: 758 daAuts
     D:8: 757 daAuts
   Sewer: 571 daAuts
  Temple: 80 daAuts
